Map: Blackpink LE

Players

Plasmid

  • Race: Zerg Zerg
  • League: Diamond
  • Spawn Location: 1:00

Algernon - Winner!

  • Race: Terran Terran
  • League: Diamond
  • Spawn Location: 7:00

VOD

Have the link to the VOD?

Description

Looking for advice against turtle terrans that go mass raven. IIRC I had some early game slip-ups and then went into super late game against a mass planetary fortress/raven terran.

Time

  • Played on: April 14, 2018, 3:51 p.m.
  • Length: 32:57
Show
View Real Time Build Order
Export as new Build Order

Plasmid Zerg 

Build Orders: Pool First 

Get SALT Encoding   

  12  0:02  Drone  
  13  0:12  Overlord  
  13  0:18  Drone  
  14  0:31  Drone x2  
  16  0:37  Drone  
  17  0:45  Drone  
  18  1:07  Spawning Pool  
  17  1:24  Drone x3  
  17  1:25  Extractor  
  19  1:32  Hatchery  
  19  1:38  Drone  
  19  1:48  Drone  
  20  1:58  Zergling x2  
  20  1:59  Roach Warren  
  20  2:01  Queen  
  20  2:07  Overlord  
  22  2:21  Overlord  
  22  2:33  Extractor, Drone  
  22  2:40  Lair  
  22  2:42  Drone  
  23  2:46  Drone  
  24  2:54  Queen  
  24  2:55  Drone  
  24  2:56  Drone  
  28  3:04  Roach  
  30  3:07  Roach  
  30  3:12  Roach x2  
  36  3:16  Roach  
  38  3:23  Roach  
  38  3:24  Roach  
  42  3:30  Roach  
  43  3:48  Drone  
  44  3:55  Overlord  
  44  3:56  Hatchery  
  43  4:04  Drone  
  44  4:15  Evolution Chamber  
  43  4:18  Drone x3  
  43  4:19  Drone x2  
  43  4:23  Glial Reconstitution  
  48  4:45  Ravager x3  
  51  4:51  Drone  
  51  4:52  Overlord x2  
  52  4:53  Overlord  
  52  5:30  Hydralisk Den  
  52  5:31  Spore Crawler  
  52  5:33  Drone x6  
  52  5:34  Drone x10  
  66  5:38  Spore Crawler  
  59  5:50  Spore Crawler  
  59  5:54  Zerg Missile Weapons Level 1  
  55  6:02  Muscular Augments  
  55  6:06  Drone  
  55  6:07  Drone x6  
  62  6:11  Queen  
  64  6:20  Overseer  
  64  6:23  Hydralisk  
  66  6:30  Extractor, Drone x3  
  66  6:31  Extractor, Drone x6  
  66  6:32  Drone  
  74  6:55  Drone  
  74  6:56  Extractor, Overlord x2, Drone x7  
  74  6:57  Overlord x2  
  79  7:14  Grooved Spines  
  78  7:17  Hydralisk x5  
  86  7:23  Spore Crawler  
  86  7:27  Drone x3  
  86  7:28  Drone  
  89  7:35  Spore Crawler  
  88  7:44  Hydralisk x7  
  84  7:45  Hydralisk x2  
  102  7:52  Infestation Pit  
  102  7:57  Drone  
  102  7:58  Drone x2  
  104  8:02  Extractor  
  103  8:06  Hydralisk  
  105  8:13  Hatchery  
  105  8:17  Zerg Missile Weapons Level 2  
  105  8:18  Drone x2  
  105  8:19  Overlord  
  106  8:20  Overlord x4  
  106  8:37  Hive  
  106  8:40  Spire  
  105  8:51  Overseer  
  105  9:04  Evolution Chamber  
  86  9:34  Zerg Ground Armor Level 1  
  86  9:36  Drone  
  86  9:37  Drone x10  
  86  9:38  Drone x4  
  101  9:39  Queen  
  101  9:42  Queen  
  105  9:49  Viper x2  
  105  9:50  Viper x3  
  120  9:58  Hatchery  
  119  10:00  Evolution Chamber  
  119  10:01  Evolution Chamber  
  119  10:02  Evolution Chamber  
  119  10:04  Greater Spire  
  116  10:08  Metabolic Boost  
  116  10:16  Overlord x6  
  116  10:17  Overlord x2  
  116  10:19  Extractor  
  116  10:21  Extractor  
  114  10:22  Overseer  
  114  10:40  Hatchery  
  113  10:53  Drone x5  
  113  10:54  Drone x6  
  124  11:00  Zerg Missile Weapons Level 3  
  124  11:01  Hydralisk x3  
  124  11:02  Hydralisk x8  
  146  11:09  Zerg Melee Weapons Level 1  
  146  11:10  Hydralisk  
  148  11:11  Zergling x2  
  148  11:12  Zergling x6  
  148  11:14  Queen  
  154  11:18  Zerg Flyer Armor Level 1  
  154  11:27  Adrenal Glands  
  154  11:37  Spore Crawler, Hydralisk x3  
  154  11:38  Hydralisk x7  
  173  11:40  Spore Crawler  
  140  12:08  Corruptor  
  140  12:09  Corruptor x6  
  154  12:17  Hydralisk x3  
  160  12:33  Corruptor x3  
  166  12:43  Extractor x2  
  164  13:06  Corruptor x7  
  178  13:14  Zerg Flyer Weapons Level 1  
  178  13:18  Overseer  
  178  13:40  Brood Lord x4  
  186  13:42  Zergling x2  
  186  13:43  Zergling x16  
  195  13:52  Zerg Ground Armor Level 2  
  195  13:55  Zerg Melee Weapons Level 2  
  191  14:06  Roach x4  
  188  14:49  Brood Lord  
  188  14:50  Brood Lord x5  
  200  14:57  Viper  
  188  15:10  Viper x2  
  190  15:23  Viper  
  193  15:49  Hatchery  
  192  15:57  Zerg Flyer Armor Level 2, Extractor x2  
  192  16:04  Viper x3  
  190  16:05  Spine Crawler x2  
  190  16:06  Spine Crawler  
  196  16:15  Roach x2  
  200  16:27  Overlord  
  200  16:28  Overlord x3  
  190  17:24  Hatchery  
  188  17:42  Corruptor x2  
  188  17:43  Corruptor x2  
  169  18:36  Viper x4  
  193  18:44  Evolution Chamber, Drone  
  193  18:45  Evolution Chamber x2, Drone x7  
  186  18:50  Evolution Chamber  
  185  19:03  Drone x3  
  188  19:42  Hatchery  
  187  19:46  Zerg Flyer Armor Level 3  
  187  19:47  Zerg Ground Armor Level 3  
  187  19:48  Zerg Melee Weapons Level 3  
  187  20:01  Hatchery  
  174  20:22  Viper x4  
  174  20:25  Corruptor x7  
  149  21:40  Hydralisk  
  149  21:41  Hydralisk x11  
  149  21:42  Hydralisk x7  
  187  21:53  Brood Lord  
  189  21:55  Zergling x10  
  189  21:56  Zergling x12  
  200  22:34  Extractor  
  199  22:38  Extractor  
  187  22:59  Spine Crawler  
  187  23:00  Spine Crawler  
  187  23:02  Spine Crawler  
  187  23:03  Spine Crawler  
  187  23:05  Spine Crawler  
  167  23:23  Viper x3  
  167  23:24  Viper  
  172  23:55  Brood Lord x2  
  154  24:10  Hydralisk x2  
  154  24:11  Hydralisk x3  
  148  24:54  Drone x3  
  148  24:55  Extractor  
  148  24:59  Hatchery  
  145  25:22  Evolution Chamber  
  145  25:26  Evolution Chamber x2  
  145  25:28  Drone x3  
  145  25:33  Zerg Flyer Weapons Level 2  
  145  26:02  Hydralisk  
  145  26:03  Hydralisk x3  
  153  26:31  Brood Lord  
  151  27:00  Zergling x2  
  151  27:01  Zergling x22  
  159  27:30  Hatchery  
  158  27:43  Hatchery  
  143  27:56  Mutalisk x5  
  151  28:14  Extractor  
  151  28:17  Extractor  
  114  28:48  Drone  
  110  28:49  Drone x9  
  100  29:10  Overlord x2  
  100  29:11  Overlord x2  
  44  29:35  Drone x6  
  44  29:36  Drone  
  51  29:42  Drone  
  52  29:45  Hatchery  
  52  29:51  Drone  
  52  29:54  Hatchery  
  52  29:56  Spawning Pool  
  50  30:02  Drone x5  
  53  30:14  Drone  
  53  30:15  Drone x2  
  53  30:19  Drone  
  53  30:20  Drone x4  
  61  30:27  Drone  
  61  30:28  Drone x2  
  57  30:55  Drone x3  
  57  30:56  Drone x6  
  57  30:57  Drone  
  55  31:10  Spine Crawler  
  54  31:12  Drone x3, Spine Crawler x2  
  54  31:13  Drone x3  
  58  31:19  Drone x5  
  58  31:20  Drone  
  58  31:25  Queen x3  
  66  31:27  Drone x3  
  66  31:31  Drone x5  
  66  31:32  Drone  
  80  31:49  Corruptor x2  
  80  31:50  Corruptor x6  
  94  32:07  Drone  
  94  32:08  Drone x6  
  101  32:20  Drone  
  101  32:21  Drone x4  
  106  32:27  Drone x4  
Show
View Real Time Build Order
Export as new Build Order

Algernon Terran - Winner!

Build Orders:  

Get SALT Encoding   

  12  0:00  SCV  
  13  0:13  SCV  
  14  0:18  Supply Depot  
  14  0:25  SCV  
  15  0:40  SCV  
  15  0:41  Engineering Bay  
  16  0:52  SCV  
  17  1:04  SCV  
  18  1:16  SCV  
  19  1:23  Command Center  
  19  1:28  SCV  
  20  1:33  Refinery  
  20  1:40  SCV  
  21  1:50  Barracks  
  21  1:53  SCV  
  22  1:58  Refinery  
  22  2:09  SCV, Engineering Bay  
  23  2:39  Factory  
  23  2:41  Orbital Command  
  23  2:44  SCV  
  24  3:00  Planetary Fortress  
  24  3:08  Command Center  
  24  3:10  SCV  
  25  3:23  Factory Tech Lab  
  25  3:24  Starport  
  25  3:25  SCV  
  26  3:29  Marine  
  27  3:39  SCV x2  
  27  3:40  Refinery  
  29  3:49  Siege Tank  
  29  3:52  SCV  
  34  3:55  SCV  
  34  4:04  Refinery, Starport Tech Lab  
  34  4:06  SCV  
  34  4:09  SCV  
  36  4:24  Corvid Reactor  
  36  4:26  SCV x2  
  38  4:40  SCV x2, Banshee  
  43  4:51  Starport  
  43  4:54  SCV  
  43  4:58  Missile Turret x2  
  43  4:59  SCV  
  45  5:03  Missile Turret  
  40  5:32  Banshee  
  43  5:37  SCV x2  
  45  5:46  Starport Tech Lab  
  45  5:49  Planetary Fortress  
  45  5:53  SCV x2  
  45  5:54  Refinery  
  47  6:02  Missile Turret, Starport  
  47  6:05  SCV x2  
  47  6:06  Missile Turret  
  49  6:17  SCV  
  50  6:20  Missile Turret, Viking  
  50  6:21  SCV  
  50  6:22  Missile Turret  
  53  6:26  Refinery  
  53  6:28  Supply Depot  
  53  6:39  Missile Turret  
  53  6:45  Starport Tech Lab  
  53  6:49  Raven  
  53  6:50  SCV x2  
  57  6:54  SCV  
  58  7:02  SCV x2  
  58  7:06  SCV  
  61  7:22  Supply Depot  
  61  7:24  Supply Depot  
  61  7:25  Missile Turret  
  61  7:29  Supply Depot  
  61  7:43  SCV x3, Raven x2  
  62  7:46  Raven  
  64  7:51  Command Center  
  64  7:55  SCV x3  
  67  8:04  Starport  
  67  8:07  SCV x2  
  67  8:12  SCV  
  70  8:16  Command Center  
  70  8:19  SCV x2  
  72  8:24  SCV  
  72  8:26  Raven  
  75  8:27  Building Armor  
  75  8:28  Raven  
  75  8:32  SCV  
  75  8:33  SCV  
  79  8:34  Sensor Tower  
  79  8:36  SCV  
  79  8:38  Missile Turret  
  80  8:43  Supply Depot, Raven  
  80  8:44  SCV  
  80  8:45  SCV, Starport Tech Lab  
  84  8:49  SCV  
  85  8:57  Factory  
  85  9:00  Factory  
  85  9:02  Supply Depot  
  85  9:03  SCV x2, Supply Depot  
  85  9:08  SCV  
  88  9:15  SCV  
  88  9:17  SCV  
  90  9:20  SCV  
  91  9:27  SCV  
  91  9:29  Raven x3  
  91  9:30  Raven  
  100  9:31  SCV x2, Missile Turret  
  100  9:32  SCV  
  100  9:35  Missile Turret  
  103  9:38  Missile Turret  
  103  9:39  SCV  
  103  9:40  Planetary Fortress  
  104  9:46  SCV x2  
  106  10:00  SCV, Missile Turret  
  106  10:01  Command Center  
  106  10:03  SCV x2  
  106  10:06  Refinery  
  109  10:07  Planetary Fortress, Refinery  
  109  10:12  Raven  
  109  10:14  SCV, Missile Turret  
  112  10:16  Missile Turret  
  112  10:19  SCV x2, Supply Depot  
  114  10:26  SCV, Sensor Tower  
  114  10:27  Missile Turret  
  115  10:29  SCV  
  115  10:31  SCV  
  115  10:32  SCV  
  118  10:38  SCV  
  118  10:40  Raven x2  
  118  10:41  SCV, Missile Turret  
  124  10:44  SCV x2  
  124  10:46  Factory Reactor  
  124  10:47  Factory Reactor  
  126  10:53  Armory  
  126  10:54  Refinery x2  
  126  10:56  Missile Turret  
  126  11:00  Raven x2  
  130  11:10  Infernal Pre-Igniter  
  130  11:12  Armory, Hi-Sec Auto Tracking  
  130  11:22  Command Center  
  130  11:23  Raven  
  132  11:25  Missile Turret  
  132  11:28  Missile Turret  
  132  11:30  Planetary Fortress  
  131  11:33  SCV x3  
  131  11:34  Raven  
  136  11:43  Raven  
  138  11:50  Hellion  
  138  11:51  Hellion x4  
  148  12:00  Armory  
  148  12:04  Refinery  
  148  12:05  Raven  
  148  12:06  Raven  
  152  12:11  Terran Vehicle And Ship Armor Level 1, Hellion  
  152  12:12  Terran Vehicle Weapons Level 1, Hellion x4  
  152  12:13  Command Center  
  162  12:33  Raven  
  162  12:34  Hellion, Raven  
  162  12:36  Supply Depot  
  168  12:38  Supply Depot  
  168  12:39  Missile Turret  
  168  12:40  Hellion x4, Supply Depot  
  168  12:44  Command Center  
  176  12:55  Raven  
  176  12:56  Smart Servos  
  176  12:58  Hellion  
  178  13:01  Hellion x2  
  178  13:02  Hellion  
  180  13:11  Raven  
  178  13:15  Missile Turret  
  178  13:16  Raven x2  
  178  13:19  Missile Turret  
  182  13:21  Missile Turret, Command Center  
  182  13:23  Missile Turret  
  180  13:28  Missile Turret  
  180  13:29  Missile Turret  
  180  13:42  Orbital Command  
  180  13:48  Command Center  
  180  13:53  Planetary Fortress  
  180  14:03  Missile Turret  
  180  14:06  Missile Turret  
  180  14:07  Missile Turret  
  180  14:08  Missile Turret  
  180  14:10  Missile Turret  
  180  14:12  Missile Turret x2  
  180  14:13  Command Center  
  180  14:15  Hellion x5  
  190  14:19  Refinery  
  190  14:20  Refinery  
  182  14:31  Missile Turret x2  
  182  14:35  Missile Turret  
  182  14:36  Hellion  
  182  14:37  Hellion x2  
  186  14:39  Missile Turret  
  186  14:40  Missile Turret  
  186  14:42  Missile Turret  
  186  14:45  Hellion x2  
  179  15:24  Hellion x5  
  179  15:27  Planetary Fortress x2  
  189  15:38  Command Center  
  189  15:43  Command Center  
  189  15:44  Orbital Command  
  189  15:45  Hellion  
  189  15:46  Hellion x2  
  189  15:49  Command Center  
  195  15:56  Terran Vehicle Weapons Level 2  
  193  16:02  Hellion x5  
  189  16:39  Hellion x11  
  179  16:47  Hellion x5  
  185  16:58  Planetary Fortress  
  185  17:08  Hellion  
  185  17:09  Hellion x4  
  175  17:30  Hellion x5  
  183  17:48  Planetary Fortress x2  
  183  17:51  Hellion x2, Missile Turret  
  183  17:53  Missile Turret  
  177  18:11  Missile Turret  
  167  18:13  Missile Turret  
  167  18:14  Missile Turret, Command Center  
  167  18:15  Missile Turret x2  
  167  18:16  Missile Turret  
  160  18:29  Missile Turret  
  160  18:32  Missile Turret x2  
  158  18:38  Refinery  
  158  18:39  Refinery, Orbital Command  
  158  18:42  Command Center  
  158  18:43  Refinery x2  
  157  18:54  Terran Vehicle And Ship Armor Level 2  
  157  18:55  Terran Vehicle Weapons Level 3  
  157  18:56  Terran Ship Weapons Level 1  
  157  18:58  Missile Turret  
  156  19:19  Refinery  
  156  19:22  Missile Turret  
  156  19:34  Missile Turret  
  156  19:39  Planetary Fortress  
  156  19:40  Missile Turret  
  156  19:43  Missile Turret  
  154  19:56  Orbital Command  
  154  19:57  Missile Turret  
  152  20:26  Hellion  
  133  21:25  Raven x4  
  131  21:48  Hellion x5  
  141  21:58  Command Center  
  141  22:07  Raven x2, Command Center  
  141  22:08  Raven  
  147  22:09  Hellion, Command Center  
  147  22:10  Hellion x4  
  157  22:15  SCV x2  
  157  22:16  SCV x2  
  157  22:17  Command Center  
  149  22:28  Raven  
  149  22:31  Hellion x4  
  155  22:49  Missile Turret  
  155  22:50  Raven x3  
  153  22:51  Missile Turret  
  153  22:52  Missile Turret  
  153  22:54  Missile Turret  
  129  23:11  Raven  
  127  23:33  Raven x3  
  133  23:35  Planetary Fortress x2  
  133  23:39  Refinery  
  133  23:41  Refinery  
  133  23:53  Raven  
  133  24:16  Raven x3  
  128  24:34  Hellion  
  128  24:35  Hellion x4  
  128  24:36  Raven  
  116  24:43  Planetary Fortress  
  116  24:46  Missile Turret  
  116  24:56  Hellion x5  
  116  24:59  Raven x3  
  130  25:09  Terran Vehicle And Ship Armor Level 3, Terran Ship Weapons Level 2  
  130  25:13  Refinery  
  130  25:14  Missile Turret  
  124  25:15  Missile Turret  
  124  25:16  Refinery  
  124  25:17  Hellion x2  
  124  25:19  Raven  
  130  25:33  Sensor Tower  
  130  25:41  Raven  
  130  25:42  Raven x2, Command Center  
  136  25:45  Command Center  
  136  25:47  Hellion  
  136  25:48  Hellion x4  
  146  26:03  Sensor Tower  
  146  26:09  Hellion x5  
  156  26:30  Hellion x3  
  156  26:31  Hellion x2  
  166  26:37  Missile Turret  
  166  26:38  Missile Turret  
  166  26:39  Missile Turret  
  166  26:41  Missile Turret  
  162  26:54  Raven x3  
  168  27:03  Missile Turret  
  168  27:08  Missile Turret  
  168  27:09  Planetary Fortress x2  
  168  27:13  Missile Turret  
  167  27:25  Missile Turret  
  167  27:27  Missile Turret  
  167  27:34  Planetary Fortress  
  167  27:35  Missile Turret  
  167  27:36  Missile Turret  
  167  27:37  Missile Turret  
  167  27:39  Missile Turret  
  167  27:40  Missile Turret  
  167  27:41  Missile Turret  
  167  27:42  Missile Turret x3  
  167  27:43  Missile Turret  
  167  27:47  Refinery  
  167  27:48  Refinery, Missile Turret  
  167  27:49  Missile Turret  
  167  27:50  Refinery, Missile Turret  
  164  28:00  Refinery  
  164  28:03  Hellion x7  
  158  28:16  Missile Turret x2  
  158  28:18  Missile Turret  
  72  29:32  Hellion  
  72  29:33  Hellion x4  
  72  29:35  Raven  
  72  29:36  Raven x2  
  88  29:47  SCV x6  
  88  29:48  SCV  
  95  29:54  Hellion x5, Raven  
  107  30:15  Hellion x4  
  107  30:16  Hellion  
  107  30:18  Raven x2  
  107  30:19  SCV x3  
  124  30:22  Hellion x4  
  124  30:23  Command Center  
  124  30:32  Missile Turret  
  124  30:34  Missile Turret  
  124  30:36  Hellion  
  124  30:37  Missile Turret  
  124  30:42  Missile Turret  
  126  30:44  Missile Turret x2  
  126  30:46  Missile Turret x2  
  126  30:52  SCV x4  
  126  31:09  Raven x4  
  130  31:29  SCV x4  
  132  31:37  Planetary Fortress  
  132  31:38  Missile Turret  
  132  31:42  Refinery  
  132  31:44  Refinery  
  132  31:51  Raven, Command Center  
  132  31:52  Sensor Tower  
  134  31:56  Hellion x11  
  134  32:14  Hellion x5  
  144  32:23  Hellion x10  
  142  32:35  Hellion  
Tags
 
Add a new tag
Caveats
  • Supply blocks, unpowered buildings, or Contaminate may cause inaccurate times.
  • Supply counts are checked every 10 seconds.